cohdb
Replays
Latest Replays
All Replays
Popular Replays
Top Player Replays
Match Explorer
How It Works
Community
CoH3 Stats
Reddit
Sign in to upload your games and track your stats! →
Sign in with Steam
Match 46342826
Unlisted
Match 46342826
Overview
Messages
Build Orders
End
Engineer Squad
Selects Airborne Battlegroup
Selects Heavy Machine Gun Paradrop
Heavy Machine Gun Paradrop
Heavy Machine Gun Paradrop
Construct Barracks
Selects Paratrooper Squad Paradrop
Paratrooper Squad Paradrop
Mechanized Support Center
Paratrooper Squad Paradrop
Construct Motor Pool
M24 Chaffee Light Tank
Selects Recon Loiter
Selects Supply Drop
Recon Loiter
Paratrooper Squad Paradrop
M1 Anti-tank Gun Team
Construct Tank Depot
M4A1 Sherman Medium Tank
Recon Loiter
Designate Forward Repair Station
Recon Loiter
Esxile
derank c[o]mpany
Zonq
<|°_°|>
0
0
Comments
sign in to comment!
No comments posted yet!